AoeStats
← v0id

Arena

509276340Analyzed
2v2 RM · 7d ago on Sep 26, 2026· 59m 21s· 4 players
Game mode
Random Map
Map size
Medium (4 player)
Population
200
Speed
Normal
Resources
Standard
Victory
Conquest
Starting age
Dark Age
Ending age
Imperial Age
RankedLock teamsTeams togetherTeam positionsShared explorationLock speedFull tech treeHidden civsTurbo modeCheats
Victory
Defeat
🇦🇷 Franks · Argentina
1046
+11
🇦🇷 Bohemians · Argentina
1024
+12
🇺🇸 Bohemians · United States
961
-12
🇺🇸 Vietnamese · United States
913
-11
MIJO EM TI
11:53 Feudal Age
13:35 Wheelbarrow
16:04 Castle Age
15:21 Fletching
15:35 Double-Bit Axe
15:34 Horse Collar
18:36 Bow Saw
20:59 Crossbowman
22:16 Heavy Plow
24:05 Bodkin Arrow
24:15 Padded Archer Armor
26:13 Ballistics
29:47 Squires
31:02 Forging
31:11 Hand Cart
33:50 Imperial Age
31:28 Gold Mining
32:30 Loom
33:56 Elite Fire Lancer
35:18 Iron Casting
34:44 Bracer
34:45 Scale Mail Armor
35:03 Leather Archer Armor
35:58 Chemistry
36:09 Crop Rotation
36:47 Two-Man Saw
35:44 Elite Skirmisher
36:32 Thumb Ring
35:57 Capped Ram
36:36 Arbalester
38:44 Siege Engineers
39:49 Chain Mail Armor
44:40 Ring Archer Armor
45:57 Pikeman
46:20 Pikeman
49:11 Halberdier
Bengal.Bhainse
11:29 Feudal Age
12:43 Double-Bit Axe
15:29 Castle Age
13:27 Horse Collar
15:18 Loom
16:53 Bow Saw
25:40 Wheelbarrow
29:14 Imperial Age
31:06 Chemistry
31:23 Town Watch
36:44 Ballistics
36:39 Light Cavalry
39:42 Hand Cart
44:01 Conscription
43:13 Houfnice
48:35 Scale Barding Armor
48:23 Fletching
48:33 Padded Archer Armor
48:45 Forging
48:48 Husbandry
50:36 Chain Barding Armor
50:11 Bodkin Arrow
50:28 Elite Skirmisher
52:09 Iron Casting
51:51 Leather Archer Armor
51:38 Scale Mail Armor
52:20 Sanctity
57:23 Blast Furnace
56:24 Bracer
56:55 Ring Archer Armor
56:41 Chain Mail Armor
55:51 Pikeman
56:31 Squires
58:16 Halberdier
v0id
11:36 Feudal Age
16:07 Castle Age
15:31 Double-Bit Axe
15:28 Horse Collar
18:03 Bow Saw
18:02 Heavy Plow
22:45 Fervor
30:13 Imperial Age
27:29 Loom
28:08 Squires
28:19 Fletching
28:01 Pikeman
29:55 Wheelbarrow
31:05 Bodkin Arrow
31:28 Hand Cart
32:58 Chemistry
34:52 Ballistics
34:26 Town Watch
36:02 Conscription
38:03 Two-Man Saw
36:46 Elite Hussite Wagon
37:33 Crossbowman
37:35 Elite Skirmisher
38:24 Bracer
38:24 Padded Archer Armor
38:11 Houfnice
40:25 Leather Archer Armor
48:07 Halberdier
55:59 Crossbowman
57:41 Ring Archer Armor
56:36 Arbalester
SR WAITINHO
11:27 Feudal Age
15:37 Castle Age
14:14 Double-Bit Axe
15:02 Stone Mining
16:54 Forging
20:29 Wheelbarrow
21:27 Loom
21:29 Town Watch
22:19 Gold Mining
24:41 Gold Shaft Mining
26:03 Iron Casting
25:33 Scale Barding Armor
29:24 Husbandry
30:17 Chain Barding Armor
33:20 Town Patrol
36:07 Hand Cart
39:04 Imperial Age
37:06 Scale Mail Armor
36:57 Fletching
37:07 Padded Archer Armor
38:19 Ordonnance Companies
39:31 Fervor
38:46 Pikeman
39:26 Squires
39:12 Gambesons
39:12 Arson
40:54 Blast Furnace
40:09 Chain Mail Armor
40:29 Plate Barding Armor
39:59 Cavalier
42:54 Light Cavalry
45:28 Paladin
47:03 Plate Mail Armor
47:57 Chemistry
46:50 Guard Tower
51:07 Conscription
Connection lost

Rejoining the realm…

Still unreachable

The connection could not be restored.

Session expired

The server has moved on; the page needs a fresh start.